 Dungeon Crawl Stone Soup version 0.28-a0-653-g7e9dba17c3 (webtiles) character file.

Game seed: 16833975407478384404

0 meatgazer the Skirmisher (level 1, -4/18 HPs)
             Began as a Demonspawn Abyssal Knight on Oct 11, 2021.
             Was a Follower of Lugonu.
             Slain by a sixfirhy (12 damage)
             ... on level 1 of the Abyss.
             The game lasted 00:00:57 (332 turns).

meatgazer the Skirmisher (Demonspawn Abyssal Knight) Turns: 332, Time: 00:00:58

Health: -4/18      AC:  6    Str: 13    XL:     1   Next: 0%
Magic:  2/2        EV: 11    Int: 11    God:    Lugonu [*.....]
Gold:   0          SH:  0    Dex: 13    Spells: 0/0 levels left

rFire   . . .      SeeInvis .   a - +2 spear
rCold   . . .      Faith    .   (no shield)
rNeg    . . .      Spirit   .   b - +0 leather armour
rPois   .          Reflect  .   (no helmet)
rElec   .          Harm     .   (no cloak)
rCorr   .          Rampage  .   d - +2 pair of gloves
Will    .....                   (no boots)
Stlth   +.........              (no amulet)
HPRegen 0.06/turn               (no ring)
MPRegen 0.08/turn               (no ring)

@: no status effects
A: no striking features
a: Renounce Religion, Depart the Abyss


You were on level 1 of the Abyss.
You worshipped Lugonu.
Lugonu was aware of your devotion.
You visited 0 branches of the dungeon, and saw 0 of its levels.
You visited the Abyss 1 time.

Inventory:

Hand Weapons
 a - a +2 spear (weapon)
Armour
 b - a +0 leather armour (worn)
 d - a +2 pair of gloves (worn)


   Skills:
 + Level 3.0 Fighting
 + Level 1.7 Polearms
 + Level 1.7 Armour
 + Level 0.8 Dodging
 + Level 2.4 Invocations


You couldn't memorise any spells.
You didn't know any spells.
Your spell library was empty.

Dungeon Overview and Level Annotations

Branches:
Dungeon (0/15)

Altars:


Message History

As you read the scroll labelled SAALAI ULEHA, it crumbles to dust.
You feel strangely unstable.
You feel the power of the Abyss delaying your translocation!
It was a scroll of teleportation.
Found 18 stones.
The small abomination is pulled into the Abyss.
A tentacled starspawn comes into view.
A starcursed mass comes into view.
Found 17 gold pieces.
Tentacles burst from the starspawn's body! 2 starspawn tentacles come into view.
You see here 18 stones.
You are suddenly pulled into a different region of the Abyss!
Found a scroll labelled ORAZIMP OXATU.
c - a scroll labelled ORAZIMP OXATU
e - a scroll labelled ESHAUDA TIWEF A white imp comes into view.
Okay, then.
You start putting on your armour.
You continue putting on your +2 pair of gloves. x4
You finish putting on your +2 pair of gloves.
As you read the scroll labelled ORAZIMP OXATU, it crumbles to dust.
It is a scroll of identify.
e - a scroll of enchant weapon
As you read the scroll of enchant weapon, it crumbles to dust.
Your +1 spear glows red for a moment.
A large abomination comes into view.
You start waiting.
You feel your health improve.
You start waiting.
You start waiting.
A sixfirhy comes into view.
A sixfirhy is nearby!
A sixfirhy is nearby!
A sixfirhy is nearby!
The sixfirhy hits you!
Ouch! That really hurt!
The sixfirhy shocks you!
Ouch! That really hurt!
You die...

. .# . .
# ≈ # . #
# # . #
..## #≈.
# # #
.#..#.#.
#
##.#....#
.# . .
##.....#.
#≈ # .
#.#3##.
#≈.. #
##@..# .
# ##
##.### ..
. # #
#≈≈≈≈ ≈ ≈
# #≈≈≈≈≈
≈ #
..≈≈≈≈≈≈≈
# .
≈≈≈≈≈≈≈ ≈
≈≈≈≈≈≈≈
≈≈ ≈
#.≈.≈≈≈≈.
. . ≈≈≈


You could see a sixfirhy.

Vanquished Creatures (others)
  2 starspawn tentacles (Abyss:1)
2 creatures vanquished.

Notes
Turn   | Place    | Note
-------+----------+-------------------------------------------
     0 | Abyss:1  | meatgazer the Demonspawn Abyssal Knight began the quest for
                  | the Orb.
     0 | Abyss:1  | Reached XP level 1. HP: 18/18 MP: 2/2
   119 | Abyss:1  | Noticed a small abomination
   126 | Abyss:1  | Noticed an ancient zyme
   149 | Abyss:1  | Noticed an ancient zyme
   149 | Abyss:1  | Noticed a tentacled starspawn
   151 | Abyss:1  | Noticed a starcursed mass
   241 | Abyss:1  | Noticed a large abomination
   329 | Abyss:1  | Noticed a sixfirhy
   332 | Abyss:1  | Slain by a sixfirhy

Illustrated notes

Levels and vault maps discovered:
Abyss:1:  base: Temple, base: Temple, hangedman_abyss_or_decor_slice

Action                   || total
-------------------------++-------
  Use: Scroll            ||     3

Table legend: (Time is in decaauts)
 A = Elapsed time spent in this place.
 B = Non-inter-level travel time spent in this place.
 C = Inter-level travel time spent in this place.
 D = Time resting spent in this place.
 E = Time spent auto-exploring this place.
 F = Levels seen in this place.
 G = Mean time per level.
                   A        B        C        D        E       F      G
               +--------+--------+--------+--------+--------+-----+--------+
         Total |    333 |    333 |      0 |     81 |    165 |   1 |  333.0 |
         Abyss |    333 |    333 |      0 |     81 |    165 |   1 |  333.0 |
               +--------+--------+--------+--------+--------+-----+--------+

Top non-repeatable levels by time:
 Abyss:1: 333 daAuts
